 Dungeon Crawl Stone Soup version 0.19.5 (webtiles) character file.

62486 Gargoyl the Protected (level 15, -3/128 HPs)
             Began as a Ghoul Abyssal Knight on May 6, 2017.
             Was the Champion of Lugonu.
             Slain by a large slime creature (29 damage)
             ... on level 12 of the Dungeon on May 7, 2017.
             The game lasted 00:50:36 (19043 turns).

Gargoyl the Protected (Ghoul Abyssal Knight)       Turns: 19043, Time: 00:50:36

Health: -3/128     AC: 26    Str: 19    XL:     15   Next: 6%
Magic:  23/23      EV: 16    Int:  7    God:    Lugonu [******]
Gold:   683        SH:  3    Dex: 18    Spells: 0 memorised, 14 levels left

rFire  . . .     SeeInvis +     t - +1 hand axe (elec)
rCold  + . .     Gourm    .     v - +5 plate armour
rNeg   + + +     Faith    .     (no shield)
rPois  ∞         Spirit   .     b - +0 hat {SInv}
rElec  .         Reflect  +     y - +0 cloak
rCorr  .         Harm     .     (no gloves)
MR     +....                    n - +2 pair of boots
Stlth  ..........               O - +3 amulet of reflection
                                g - +6 ring of evasion
                                o - +6 ring of dexterity

@: rotting
A: rotting body, claws 1, carnivore 3, cold resistance 1, negative energy
resistance 3, slow regeneration 1, torment resistance, unbreathing
a: Depart the Abyss, Bend Space, Banish, Corrupt, Enter the Abyss, Brand Weapon
With Distortion, Renounce Religion


You were on level 12 of the Dungeon.
You worshipped Lugonu.
Lugonu was exalted by your worship.
You were not hungry.

You visited 2 branches of the dungeon, and saw 18 of its levels.
You visited the Abyss 1 time.
You also visited: Sewer.

You collected 1361 gold pieces.
You spent 678 gold pieces at shops.

Inventory:

Hand Weapons
 t - a +1 hand axe of electrocution (weapon)
 w - a +0 war axe
 C - a +0 broad axe
 K - a cursed -3 trident
 S - a cursed +0 broad axe
Missiles
 J - 8 javelins (quivered)
Armour
 b - a +0 hat of see invisible (worn)
 n - a +2 pair of boots (worn)
 v - a +5 plate armour (worn)
 y - a +0 cloak (worn)
Jewellery
 g - a +6 ring of evasion (right claw)
 j - an uncursed ring of protection from fire
 o - a +6 ring of dexterity (left claw)
 q - an uncursed ring of protection from magic
 F - an uncursed amulet of regeneration
 L - an uncursed ring of protection from cold
 O - a +3 amulet of reflection (around neck)
Wands
 D - a wand of iceblast (6/15)
 G - a wand of random effects (23/48)
 H - a wand of flame (22/48)
 N - a wand of flame (12/48)
 P - a wand of confusion (16/48)
 R - a wand of flame (21/48)
Scrolls
 a - 5 scrolls of amnesia
 e - 3 scrolls of fog
 i - 2 scrolls of torment
 m - 3 scrolls of teleportation
 r - 4 scrolls of blinking
 s - 7 scrolls of magic mapping
 z - 8 scrolls of remove curse
 E - 8 scrolls of recharging
 M - 6 scrolls of identify
Potions
 d - 6 potions of brilliance
 f - 5 potions of haste
 h - 3 potions of agility
 l - 4 potions of curing
 p - a potion of cancellation
 u - a potion of resistance
 A - 2 potions of flight
 Q - a potion of ambrosia
Comestibles
 c - 11 meat rations
 k - 10 slices of pizza
 x - 5 chunks of flesh
 B - a royal jelly
 I - 22 beef jerkies


   Skills:
 + Level 10.6 Fighting
   Level 2.2 Long Blades
 + Level 12.1(12.2) Axes
 + Level 2.2(8.2) Polearms
 + Level 2.7 Throwing
 * Level 13.6 Armour
 + Level 6.0 Dodging
 * Level 12.7 Invocations


You had 14 spell levels left.
You didn't know any spells.

Dungeon Overview and Level Annotations

Branches:
Dungeon (12/15)            Temple (0/1) D:5            Lair (6/6) D:10
  Swamp (0/4) Lair:3        Snake (0/4) Lair:4        Slime (0/5) Lair:5
    Orc (0/2) D:9

Altars:
Dithmenos
Elyvilon
Fedhas
Hepliaklqana
Makhleb
Nemelex Xobeh
Qazlal
Ru
Uskayaw
Xom
Yredelemnul

Shops:
D:9 =[}(!


Innate Abilities, Weirdness & Mutations

Your body is rotting away.
You thrive on raw meat.
You are immune to poison.
You have sharp fingernails.
You are carnivorous and can eat meat at any time.
Your flesh is cold resistant. (rC+)
You are immune to negative energy. (rN+++)
You regenerate slowly when monsters are visible.
You are immune to unholy pain and torment.
You can survive without breathing.


Message History

You completely miss the large slime creature.
The large slime creature is severely wounded.
You barely miss the large slime creature.
The large slime creature hits you but does no damage.
The large slime creature hits you!
Unknown command.
You slash the large slime creature!
The large slime creature is severely wounded.
You hit the large slime creature. The large slime creature hits you!!
* * * LOW HITPOINT WARNING * * *
You hit the large slime creature but do no damage.
The large slime creature is severely wounded.
You hit the large slime creature.
There is a sudden explosion of sparks!
A large slime creature splits.
Unknown command.
You hit the slime creature.
There is a sudden explosion of sparks!
The slime creature is severely wounded.
You hit the slime creature but do no damage.
You hit the large slime creature. The large slime creature hits you!!
You die...

#.# #.# ##### #..
...# #### #.#
##.#######..... #.#
#..............
#.####.#########....
#########..JJ..# ##
#..........@J..#
#.############.# #.#
#.# #.# #.# #.# #.#
#.# #.# #.# #.#
..#.# #.# #.#.#


You could see a large slime creature and 2 slime creatures.

Vanquished Creatures
  Nessos (Lair:6)
  A fire dragon (Lair:6)
  Josephine (D:12)
  A centaur warrior (D:11)
  An alligator (Lair:6)
  5 death yaks
  Urug (D:11)
  2 hill giants
  2 centaur zombies
  6 black mambas
  16 spiny frogs
  8 rime drakes
  11 komodo dragons
  8 polar bears (Lair:6)
  2 trolls
  A two-headed ogre (D:11)
  A hornet (D:11)
  6 hippogriffs
  11 dream sheep (Lair:6)
  21 blink frogs
  3 raiju (Lair:6)
  4 slime creatures
  Sigmund (D:5)
  A wyvern (Lair:4)
  3 basilisks
  4 wraiths (D:12)
  32 yaks
  3 steam dragons
  Grum (D:8)
  7 wargs (Lair:6)
  3 mottled dragons (Lair:6)
  3 nagas (Lair:4)
  12 water moccasins
  14 porcupines
  An orc warrior (D:8)
  5 hell hounds (Lair:6)
  A swamp drake (Lair:6)
  2 phantoms
  15 black bears
  4 sky beasts
  4 ogres
  2 necrophages
  7 centaurs
  20 wolves
  13 crocodiles
  3 big kobolds
  A gnoll sergeant (D:10)
  8 bullfrogs
  A scorpion (D:9)
  6 killer bees
  4 wights (D:6)
  5 howler monkeys
  6 crimson imps
  2 bullfrog zombies
  3 jellies
  23 hounds
  6 orc priests
  4 bullfrog skeletons
  2 centaur skeletons
  Ijyb (D:2)
  Natasha (twice) (D:2)
  7 iguanas
  9 orc wizards
  3 hell rats (Lair:2)
  6 worker ants
  A hound zombie (D:5)
  2 hound skeletons
  3 worker ant zombies
  6 gnolls
  10 adders
  21 river rats
  3 shadow imps
  2 oozes
  A worm (D:4)
  A dart slug (D:2)
  9 leopard geckos
  39 orcs
  6 ball pythons
  11 giant cockroaches
  8 goblins
  3 hobgoblins
  16 jackals
  5 quokkas
  10 bats
  12 frilled lizards
  A jackal skeleton (D:8)
  26 kobolds
  31 rats
  A butterfly (Lair:2)
  6 fungi
  9 plants
616 creatures vanquished.

Vanquished Creatures (others)
  4 hydras
  The ghost of tschems the Cleaver, a journeyman HuFi of Qazlal (D:9)
  A hill giant (D:10)
  A manticore (D:8)
  A spiny frog (Lair:1)
  3 molten gargoyles (Lair:4)
  2 blink frogs (Lair:2)
  A basilisk (Lair:6)
  An orc warrior (D:8)
  An iguana (Lair:6)
  14 fungi
  14 plants
44 creatures vanquished.

Grand Total: 660 creatures vanquished

Notes
Turn   | Place    | Note
-------+----------+-------------------------------------------
     0 | Abyss:1  | Gargoyl the Ghoul Abyssal Knight began the quest for the Orb.
     0 | Abyss:1  | Reached XP level 1. HP: 19/19 MP: 1/1
   144 | Abyss:2  | Noticed an ancient zyme
   160 | D:1      | Escaped the Abyss
   384 | D:1      | Reached * piety under Lugonu
   384 | D:1      | Reached XP level 2. HP: 22/26 MP: 2/2
   401 | D:1      | Reached skill level 2 in Armour
   419 | D:1      | Reached skill level 1 in Dodging
   745 | D:2      | Reached XP level 3. HP: 31/33 MP: 3/3
   816 | D:2      | Found a shadowy altar of Dithmenos.
   894 | D:2      | Noticed Ijyb
   918 | D:2      | Killed Ijyb
   918 | D:2      | Reached XP level 4. HP: 31/40 MP: 4/4
  1233 | D:2      | Reached ** piety under Lugonu
  1289 | D:2      | Noticed Natasha
  1297 | D:2      | Killed Natasha
  1456 | D:2      | Found a white marble altar of Elyvilon.
  1568 | D:2      | Noticed Natasha
  1578 | D:2      | Killed Natasha
  1578 | D:2      | Reached XP level 5. HP: 34/46 MP: 6/6
  1903 | D:3      | Found a hazy altar of Hepliaklqana.
  2032 | D:3      | Found a burning altar of Makhleb.
  2074 | D:3      | Found a faded altar of an unknown god.
  2295 | D:3      | Found a hide-covered altar of Uskayaw.
  2401 | D:4      | Reached XP level 6. HP: 43/52 MP: 7/7
  2531 | D:4      | Reached skill level 3 in Armour
  2579 | D:4      | Reached *** piety under Lugonu
  2621 | D:4      | Noticed a phantom
  2650 | D:4      | Killed a phantom
  2650 | D:4      | Reached XP level 7. HP: 56/59 MP: 8/8
  2766 | D:4      | Found a glowing drain.
  2797 | Sewer    | Entered a sewer
  3462 | D:5      | Entered Level 5 of the Dungeon
  3463 | D:5      | Noticed Sigmund
  3506 | D:4      | Reached skill level 4 in Armour
  3523 | D:5      | Killed Sigmund
  3617 | D:5      | Reached XP level 8. HP: 58/67 MP: 10/10
  3633 | D:5      | Reached **** piety under Lugonu
  3677 | D:5      | Reached skill level 5 in Armour
  3683 | D:5      | Reached skill level 5 in Axes
  3699 | D:5      | Reached skill level 5 in Fighting
  4162 | D:5      | Found a staircase to the Ecumenical Temple.
  4324 | D:6      | Reached skill level 5 in Invocations
  4324 | D:6      | Reached XP level 9. HP: 49/74 MP: 11/11
  4327 | D:6      | Reached skill level 6 in Armour
  4831 | D:6      | Found a stormy altar of Qazlal.
  5335 | D:7      | Found a basalt altar of Yredelemnul.
  6043 | D:8      | Reached skill level 7 in Armour
  6209 | D:8      | Noticed Grum
  6232 | D:8      | Killed Grum
  6232 | D:8      | Reached XP level 10. HP: 56/82 MP: 13/13
  6238 | D:8      | Reached ***** piety under Lugonu
  6652 | D:8      | Reached skill level 8 in Armour
  6858 | D:8      | Found a sacrificial altar of Ru.
  7157 | D:9      | Noticed tschems's ghost (journeyman HuFi)
  7334 | D:9      | Banished tschems's ghost
  7341 | D:9      | Found Vanulame's Gadget Emporium.
  7441 | D:9      | Found Fizycrist's Antique Weapon Emporium.
  7453 | D:9      | Bought a slimy falchion for 232 gold pieces
  7453 | D:9      | Identified the cursed +0 falchion of Egomania {slice, rC+ Str+5 Stlth-} (You bought it in a shop on level 9 of the Dungeon)
  7456 | D:9      | Bought a broad axe for 116 gold pieces
  7530 | D:9      | Found a staircase to the Orcish Mines.
  7575 | D:9      | Found Pagru's Antique Armour Shop.
  7665 | D:9      | Found a blossoming altar of Fedhas.
  7712 | D:9      | Found Isax's Distillery.
  7718 | D:9      | Bought a potion of heal wounds for 55 gold pieces
  7782 | D:9      | Noticed a manticore
  7838 | D:8      | Banished a manticore
  8050 | D:9      | Found Ympoas's Jewellery Shop.
  8067 | D:9      | Reached XP level 11. HP: 83/91 MP: 16/16
  8322 | D:10     | Entered Level 10 of the Dungeon
  8441 | D:10     | Identified a scroll of acquirement
  8442 | D:10     | Got a pitted hat
  8455 | D:10     | Identified the +1 hat of Complete Protection {rElec rC+ rN+ Dex-3} (You acquired it on level 10 of the Dungeon)
  8463 | D:10     | Reached skill level 9 in Armour
  8463 | D:10     | Reached skill level 5 in Dodging
  8463 | D:10     | Reached XP level 12. HP: 100/100 MP: 16/18
  8794 | D:10     | Found a staircase to the Lair.
  9071 | Lair:1   | Entered Level 1 of the Lair of Beasts
  9180 | Lair:1   | Reached skill level 10 in Armour
  9621 | Lair:1   | HP: 4/101 [spiny frog (15)]
 10553 | Lair:2   | Noticed an eight-headed hydra
 10559 | Lair:2   | Banished an eight-headed hydra
 10562 | Lair:2   | Reached skill level 10 in Invocations
 11143 | Lair:2   | Noticed a five-headed hydra
 11201 | Lair:2   | Banished a five-headed hydra
 12521 | Lair:3   | Found a staircase to the Swamp.
 12898 | Lair:3   | Reached skill level 11 in Armour
 12911 | Lair:3   | Reached XP level 13. HP: 26/107 MP: 20/20
 12984 | Lair:3   | Found a shimmering altar of Xom.
 13147 | Lair:3   | You fall through a shaft for 2 floors!
 13294 | Lair:4   | Found a staircase to the Snake Pit.
 14001 | Lair:3   | Reached skill level 10 in Axes
 14254 | Lair:4   | Reached skill level 12 in Armour
 14738 | Lair:5   | Found a staircase to the Slime Pits.
 15561 | Lair:6   | Entered Level 6 of the Lair of Beasts
 15581 | Lair:6   | Reached XP level 14. HP: 92/118 MP: 21/21
 15672 | Lair:6   | Noticed Nessos
 15835 | D:9      | Bought a +3 amulet of reflection for 275 gold pieces
 15990 | Lair:6   | Killed Nessos
 16753 | Lair:6   | Reached skill level 13 in Armour
 16857 | Lair:6   | Reached skill level 10 in Fighting
 17024 | Lair:6   | Got a vibrating garnet amulet
 17026 | Lair:6   | Identified the amulet of Qeiluxae {Harm *Drain rElec rF+ Dex+2} (You found it on level 6 of the Lair of Beasts)
 17409 | Lair:6   | HP: 2/121 [fire dragon/blast of flame (29)]
 18236 | D:11     | Found a sparkling altar of Nemelex Xobeh.
 18283 | D:11     | Noticed Urug
 18313 | D:11     | Reached ****** piety under Lugonu
 18314 | D:11     | Killed Urug
 18735 | D:12     | Noticed Josephine
 18755 | D:12     | Killed Josephine
 18755 | D:12     | Reached XP level 15. HP: 81/128 MP: 23/23
 19043 | D:12     | Slain by a large slime creature

Skill      XL: |  1  2  3  4  5  6  7  8  9 10 11 12 13 14 |
---------------+-------------------------------------------+-----
Axes           | 2 3 4 5 6 7 8 9 10 12 | 12.1
Armour         | 2 3 4 5 7 8 9 11 12 13 | 13.6
Dodging        | 1 2 3 4 5 6 |  6.0
Fighting       | 4 5 6 7 8 9 10 | 10.6
Invocations    | 3 4 5 6 8 9 11 12 | 12.7
Long Blades    | 2 |  2.2
Polearms       | 2 |  2.2
Throwing       | 2 |  2.7

Action                   |  1- 3 |  4- 6 |  7- 9 | 10-12 | 13-15 || total
-------------------------+-------+-------+-------+-------+-------++-------
Melee: Hand axe          |    84 |   157 |   427 |   824 |  1283 ||  2775
Throw: Tomahawk          |       |       |     2 |       |       ||     2
       Javelin           |       |       |     1 |     2 |       ||     3
Invok: Depart the Abyss  |     1 |       |       |       |       ||     1
       Banish            |       |       |       |    17 |     7 ||    24
       Bend Space        |       |       |       |       |     2 ||     2
  Use: Scroll            |     5 |     6 |     5 |    14 |     6 ||    36
       Potion            |       |       |     3 |    22 |     1 ||    26
  Eat: Chunk             |    10 |    24 |    47 |   125 |   163 ||   369
       Meat ration       |     1 |       |       |       |       ||     1
       Beef jerky        |       |     1 |       |       |       ||     1
Armor: Leather armour    |    30 |     9 |       |       |       ||    39
       Ring mail         |       |    28 |    71 |       |       ||    99
       Scale mail        |       |       |    95 |    30 |       ||   125
       Chain mail        |       |       |       |   198 |       ||   198
       Skin              |       |       |       |     2 |       ||     2
       Plate armour      |       |       |       |   104 |   823 ||   927
Dodge: Dodged            |   116 |   173 |   472 |   577 |  1075 ||  2413
Block: Other             |       |       |       |       |   143 ||   143
       Reflection        |       |       |       |       |     2 ||     2
